 Dungeon Crawl Stone Soup version 0.30-a0-782-ge64f9170bb (webtiles) character file.

Game seed: 7119371057764009709

94 Dirtsage the Chopper (level 4, -7/35 HPs)
             Began as a Demonspawn Fighter on Mar 9, 2023.
             Killed by nerve-wracking pain
             ... invoked by Jessica
              (11 damage)
             ... on level 2 of the Dungeon.
             The game lasted 00:02:51 (1047 turns).

Dirtsage the Chopper (Demonspawn Fighter)           Turns: 1047, Time: 00:02:51

Health: -7/35      AC: 13    Str: 18    XL:     4   Next: 38%
Magic:  4/4        EV:  9    Int:  9    God:
Gold:   113        SH:  4    Dex: 13    Spells: 3/3 levels left

rFire   . . .      SeeInvis .    a - +0 war axe
rCold   . . .      Faith    .    c - +0 buckler
rNeg    . . .      Spirit   .    b - +0 scale mail
rPois   .          Reflect  .    (no helmet)
rElec   .          Harm     .    (no cloak)
rCorr   .          Rampage  .    e - +0 pair of gloves
Will    .....                    (no boots) Stlth
                                 (no amulet)
HPRegen 0.25/turn                (no ring)
MPRegen 0.09/turn                (no ring)

@: sanguine armoured, flying
A: sanguine armour 1
a: no special abilities


You were on level 2 of the Dungeon.
You visited 1 branch of the dungeon, and saw 2 of its levels.

You collected 113 gold pieces.

Inventory:

Hand Weapons
 a - a +0 war axe (weapon)
Armour
 b - a +0 scale mail (worn)
 c - a +0 buckler (worn)
 e - a +0 pair of gloves (worn)
Magical Staves
 i - a staff of earth
Scrolls
 f - a scroll of fog {unknown}
 g - 3 scrolls of identify {unknown}
 k - a scroll of blinking {unknown}
 l - a scroll of butterflies {unknown}
Potions
 d - 2 potions of might
 h - a potion of cancellation {unknown}


   Skills:
 - Level 3.0 Fighting
 + Level 4.3 Axes
 - Level 2.6 Armour
 - Level 2.6 Shields


You had 3 spell levels left.
You didn't know any spells.
Your spell library was empty.

Dungeon Overview and Level Annotations

Branches:
Dungeon (2/15)

Altars:

Annotations:
D:2 Jessica


Innate Abilities, Weirdness & Mutations

When seriously injured, your blood forms armour. (AC +6)


Message History

The gnoll closely misses you.
You closely miss the gnoll.
The gnoll is almost dead.
You hit the jackal.
You kill the jackal!
The gnoll hits you with a +0 flail.
The gnoll hits you from afar with a +0 spear.
The jackal closely misses you.
You take 6 damage, and have 11/35 hp.
You slash the gnoll!
You kill the gnoll!
You closely miss the jackal. The jackal misses you.
The gnoll hits you from afar with a +0 spear.
* * * LOW HITPOINT WARNING * * *
The jackal bites you but does no damage.
Jessica shouts, "You're disturbing me!
I'll have to kill you!" You block Jessica's attack.
The gnoll hits you but does no damage.
You take 2 damage, and have 9/35 hp.
You hit the jackal but do no damage.
The jackal is almost dead.
You barely miss Jessica. You slash the kobold!
You kill the kobold!
The jackal bites you but does no damage.
The gnoll closely misses you. Jessica closely misses you. The jackal bites you.
* * * LOW HITPOINT WARNING * * *
You take 3 damage, and have 6/35 hp.
You hit the jackal.
You kill the jackal!
You closely miss Jessica. Jessica hits you but does no damage.
You block the gnoll's attack. The jackal completely misses you.
Jessica attacks as you move away! Jessica hits you with a +0 club.
* * * LOW HITPOINT WARNING * * *
The jackal attacks as you move away! The jackal barely misses you.
You take 2 damage, and have 4/35 hp.
It was a potion of flight.
You feel very buoyant.
You fly up into the air.
Jessica points at you and mumbles some strange words.
Pain shoots through your body!
You die...

...... .<####.##.####
......### ............
........# ####..##..##
..#!..... .....#.....
.#.....$## #######.#.##
#...#....########...#.#
#..#..)h)..#......###..
#?..#@##....##### #..
#..#†@#..#..PP..### ##
#........♣.P....#
...#..)##P♣....♣P...
#.....#.###.P....♣
........# #.♣♣..♣♣
#.....#.# #.♣♣.PP♣
.#...#..# #.P♣♣♣♣♣ .###
?.# #P


You could see Jessica and a jackal.

Vanquished Creatures
  2 adders (D:2)
  2 gnolls (D:2)
  A dart slug (D:1)
  9 ball pythons
  2 bats (D:1)
  5 endoplasms
  A giant cockroach (D:1)
  4 goblins
  5 hobgoblins
  5 jackals
  2 quokkas (D:1)
  3 frilled lizards (D:1)
  7 kobolds
  2 rats (D:1)
50 creatures vanquished.

Vanquished Creatures (others)
  3 plants (D:2)
3 creatures vanquished.

Grand Total: 53 creatures vanquished

Notes
Turn   | Place    | Note
-------+----------+-------------------------------------------
     0 | D:1      | Dirtsage the Demonspawn Fighter began the quest for the
                  | Orb.
     0 | D:1      | Reached XP level 1. HP: 18/18 MP: 1/1
    18 | D:1      | Reached skill level 2 in Axes
    66 | D:1      | Gained mutation: When seriously injured, your blood forms
                  | armour. (AC +6) [demonic ancestry]
    66 | D:1      | Reached XP level 2. HP: 24/24 MP: 2/2
   242 | D:1      | Reached skill level 3 in Axes
   466 | D:1      | Reached XP level 3. HP: 26/29 MP: 3/3
  1030 | D:2      | Noticed Jessica
  1034 | D:2      | Reached skill level 4 in Axes
  1034 | D:2      | Reached XP level 4. HP: 35/35 MP: 4/4
  1047 | D:2      | Killed from afar by Jessica

Illustrated notes

Levels and vault maps discovered:
D:1:      minmay_arrival_four_circles, layout_basic, minmay_3d_cube
D:2:      layout_rooms, serial_forest, infiniplex_forest_lined_3_way,
          infiniplex_forest_straight_3, infiniplex_forest_clump_small,
          infiniplex_forest_lined_corner, infiniplex_forest_clump_diagonal,
          infiniplex_forest_lined_3, infiniplex_forest_clump_medium,
          infiniplex_forest_clump_curved, infiniplex_forest_clump_C,
          infiniplex_forest_end_2, supply_closet_lemuel, minmay_crystal_water,
          minmay_splitting_lines, nicolae_figureground_sparkle, uniq_jessica

Skill      XL: |  1  2  3 |
---------------+----------+-----
Axes           | 2 3 4 |  4.3
Fighting       | |  3.0
Armour         | |  2.6
Shields        | |  2.6

Action                     |  1- 3 |  4- 6 || total
---------------------------+-------+-------++-------
  Melee: War axe           |    97 |    12 ||   109
    Use: Potion            |       |     1 ||     1
 Armour: Scale mail        |    52 |    12 ||    64
  Dodge: Dodged            |    52 |    13 ||    65
  Block: Buckler           |    20 |     4 ||    24

Table legend: (Time is in decaauts)
 A = Elapsed time spent in this place.
 B = Non-inter-level travel time spent in this place.
 C = Inter-level travel time spent in this place.
 D = Time resting spent in this place.
 E = Time spent auto-exploring this place.
 F = Levels seen in this place.
 G = Mean time per level.
                   A        B        C        D        E       F      G
               +--------+--------+--------+--------+--------+-----+--------+
         Total |   1090 |   1072 |     18 |      0 |    814 |   2 |  545.0 |
       Dungeon |   1090 |   1072 |     18 |      0 |    814 |   2 |  545.0 |
               +--------+--------+--------+--------+--------+-----+--------+

Top non-repeatable levels by time:
     D:1: 933 daAuts
     D:2: 156 daAuts
